 Dungeon Sprint DCSS version 0.30-a0-4-ga7cffc901d (webtiles) character file.

Game seed: 5635329144825373585

17998 Zeldest the Acrobat (level 12, -11/69 HPs)
             Began as a Felid Transmuter on Aug 20, 2022.
             Was the Champion of Cheibriados.
             Killed from afar by Frances (65 damage)
             ... with an iron shot
             ... in the Dungeon (Sprint IX: "|||||||||||||||||||||||||||||").
             The game lasted 00:14:37 (1823 turns).

Zeldest the Acrobat (Felid Transmuter)              Turns: 1823, Time: 00:14:38

Health: -11/69     AC:  3    Str: 23    XL:     12   Next: 23%
Magic:  21/25      EV: 53    Int: 30    God:    Cheibriados [******]
Gold:   751        SH:  0    Dex: 34    Spells: 9/15 levels left
                                        Lives:  0   Deaths: 4

rFire   + + .      SeeInvis +      - Unarmed
rCold   + + .      Faith    +    (shield unavailable)
rNeg    . . .      Spirit   .    (body armour unavailable)
rPois   +          Reflect  .    (helmet unavailable)
rElec   +          Harm     .    (cloak unavailable)
rCorr   +          Rampage  .    (gloves unavailable)
Will    +....      NoTele   +    (boots unavailable)
Stlth   +++++++...               h - amulet of faith
HPRegen 0.21/turn                n - ring of poison resistance
MPRegen 0.19/turn                o - ring of protection from fire

@: appendages, resistant, wereblooded, very slow
A: horns 2, very small, claws 1, fangs 3, see invisible, speed 1, shaggy fur 3,
stealthy paws, no weapons or thrown items, no armour, multi-lived
a: End Transformation, Renounce Religion, Bend Time, Temporal Distortion,
Slouch, Step From Time


You were in the Dungeon.
You worshipped Cheibriados.
Cheibriados was exalted by your worship.
You had temporarily grown beastly horns.
You visited 1 branch You collected 1939 gold pieces.
You spent 1188 gold pieces at shops.

Inventory:

Jewellery
 h - an amulet of faith (around neck)
 i - a +2 ring of evasion
 j - a +2 ring of protection
 n - a ring of poison resistance (left paw)
 o - a ring of protection from fire (right paw)
 t - a ring of willpower
 u - a ring of protection from cold
Wands
 s - a wand of flame (21)
Scrolls
 f - 2 scrolls of amnesia
 g - 3 scrolls of blinking
 k - 2 scrolls of fear
 v - 2 scrolls of butterflies
Potions
 a - 2 potions of berserk rage
 b - 4 potions of curing
 c - 3 potions of heal wounds
 d - 2 potions of brilliance
 e - 3 potions of magic
 m - 3 potions of lignification
 p - 4 potions of mutation
 r - 2 potions of might


   Skills:
 + Level 17.7 Fighting
 + Level 22.5 Dodging
 + Level 13.7 Stealth
 + Level 17.9 Unarmed Combat
 - Level 2.0 Spellcasting
 + Level 12.7 Transmutations
 - Level 3.1 Ice Magic
 + Level 17.1 Invocations


You had 9 spell levels left.
You knew the following spells:

 Your Spells              Type           Power      Damage    Failure   Level
a - Beastly Appendage     Tmut           100%       N/A       1%          1
b - Wereblood             Tmut           68%        N/A       1%          2
c - Frozen Ramparts       Ice            44%        1d7       6%          3

Your spell library contained the following spells:

 Spells                   Type           Power      Damage    Failure   Level
 Spider Form              Tmut/Pois      41%        N/A       1%          3
 Ice Form                 Ice/Tmut       50%        N/A       3%          4
 Summon Ice Beast         Ice/Summ       12%        N/A       38%         4


Dungeon Overview and Level Annotations

Branches:
Dungeon (1/1)

Altars:
Cheibriados
Dithmenos
Elyvilon
Fedhas
Gozag
Hepliaklqana
Kikubaaqudgha
Makhleb
Nemelex Xobeh
Okawaru
Qazlal
Ru
Sif Muna
Trog
Uskayaw
Vehumet
Wu Jian
Xom
Yredelemnul
Zin
The Shining One
Jiyva
Lugonu

Shops:
D !=[!

Annotations:
D Frances, Nikola, Sojobo


Innate Abilities, Weirdness & Mutations

You have temporarily grown beastly horns.
You have sharp claws.
You have razor-sharp teeth.
You have supernaturally acute eyesight. (SInv)
You cover ground quickly. (Speed+)
Your thick and shaggy fur keeps you warm. (AC +3, rC+)
Your paws help you pounce on unaware monsters.
You are incapable of wielding weapons or throwing items.
You cannot wear armour.
You gain extra lives every three experience levels.


Message History

Frances completely misses you.
The wall freezes the rust devil but does no damage.
The rust devil completely misses you.
You mangle the rust devil!! Your headbutt misses the rust devil.
The rust devil is severely wounded.
The wall freezes the orange demon.
The wall freezes Frances.
Frances growls a series of guttural syllables.
Frances mutters in a terrible tongue.
Frances seems to speed up.
The wall freezes the hellwing but does no damage.
The hellwing barely misses you. The hellwing hits you!
The wall freezes the rust devil but does no damage.
The rust devil barely misses you.
You mangle the rust devil!!
You kill the rust devil!
The rust devil disappears in a puff of smoke!
The wall freezes Frances.
Frances whispers indecipherable words.
The shard of ice hits you! You partially resist.
The wall freezes the orange demon.
Nikola the Mad Inventor comes into view.
He is wielding a +4 rapier of electrocution.
The wall freezes the hellwing!
The hellwing completely misses you. The hellwing hits you.
The wall freezes Frances.
Frances completely misses you.
The wall freezes the orange demon.
You feel protected.
The wall freezes Frances.
Frances completely misses you.
The wall freezes the hellwing.
The hellwing misses you. The hellwing completely misses you.
The wall freezes Frances but does no damage.
Frances closely misses you.
The wall freezes the orange demon but does no damage.
Okay, then.
Your frozen ramparts will break if you move.
Continue?
The frozen ramparts melt away as you move.
A tengu reaver comes into view. It is wielding a +1 great sword.
Frances completely misses you. The orange demon completely misses you.
Frances mutters in a terrible tongue.
The iron shot hits you!!!
Ouch! That really hurt!
You die...

,*,*,*,*,*,*,*,*,*,*,▓.▓.▓.▓.▓.▓.
,*,*,*,*,*,*,*,▓E▓,*,▓.▓.▓[▓.▓.▓.
,*,*,*,*,*,*,*,▓Q▓,*,▓†▓.▓[▓.▓.▓.
,*,*,*,*,*,*,*,▓@▓,*,▓†▓.▓[▓.▓.▓.
,*,*,*,*,*,*,*,▓Q▓,*,▓.▓.▓[▓.▓)▓.
,*,*,*,*,*,*,*,▓Q▓,*,▓.▓.▓[▓.▓)▓.
,*,*,*,*,*,*,*,▓4▓,*,▓)▓.▓[▓.▓)▓.
,*,*,*,*,*,*,*,▓@▓,*,▓†▓.▓[▓.▓)▓.
,*,*,*,*,*,*,*,▓@▓,*,▓)▓.▓[▓.▓)▓.
,*,*,*,*,*,*,*,▓4▓,*,▓.▓.▓.▓.▓)▓.
,*,*,*,*,*,*,*,▓.▓,*,▓†▓.▓.▓.▓)▓.
,*,*,*,*,*,*,*,▓.▓,*,▓.▓.▓.▓.▓.▓.
,*,*,*,*,*+*,*,▓.▓,*,▓'▓.▓.▓.▓.▓.
,*,*,*+*,*,*,*,▓.▓+*,▓†▓)▓.▓.▓.▓.
,*,*,*,*,*,*,*,▓.▓,*,▓†▓.▓.▓.▓.▓.
,*,*,*,*,*,*,*,▓.▓,*,▓†▓.▓.▓.▓.▓.
,*,*,*,*,*,*,*,▓.▓,*,▓.▓.▓.▓.▓.▓.


You could see Nikola (wandering), Sojobo (repels missiles), Frances (fast), 2
tengu reavers, an orange demon (summoned), a hellwing (summoned) and an air
elemental (summoned).

Vanquished Creatures
  Frederick (D)
  Donald (D)
  A fire giant (D)
  A ghost moth (D)
  A very ugly thing (D)
  A bunyip (D)
  An entropy weaver (D)
  A merfolk impaler (D)
  Josephine (D)
  3 ice dragons (D)
  2 ogre magi (D)
  An anaconda (D)
  A ghost crab (D)
  3 hydras (D)
  2 naga warriors (D)
  2 centaur warriors (D)
  A two-headed ogre (D)
  A tengu warrior (D)
  An orc high priest (D)
  A deep troll earth mage (D)
  A shock serpent (D)
  2 naga sharpshooters (D)
  4 deep trolls (D)
  A glowing orange brain (D)
  A steelbarb worm (D)
  A swamp dragon (D)
  An orb spider (D)
  A lindwurm (D)
  A wolf spider (D)
  A mana viper (D)
  A manticore (D)
  An ugly thing (D)
  2 orc knights (D)
  A moth of wrath (D)
  2 cyclopes (D)
  A merfolk siren (D)
  An elephant (D)
  A black mamba (D)
  A naga mage (D)
  A rime drake (D)
  2 cane toads (D)
  2 freezing wraiths (D)
  2 tengu conjurers (D)
  A komodo dragon (D)
  7 trolls (D)
  2 tyrant leeches (D)
  2 tarantellas (D)
  A slime creature (D)
  2 snapping turtles (D)
  2 wind drakes (D)
  A blink frog (D)
  A culicivora (D)
  5 wraiths (D)
  A water elemental (D)
  3 yaks (D)
  Grum (D)
  2 basilisks (D)
  3 water moccasins (D)
  An acid dragon (D)
  7 orc warriors (D)
  5 wolves (D)
  A centaur (D)
  2 bullfrogs (D)
  A gnoll sergeant (D)
  A scorpion (D)
  A howler monkey (D)
  2 orc priests (D)
  A hound (D)
  5 orc wizards (D)
  An adder (D)
  A shadow imp (D)
  5 worms (D)
  9 orcs (D)
  A hobgoblin (D)
  2 ball pythons (D)
  A bat (D)
  A rat (D)
141 creatures vanquished.

Vanquished Creatures (others)
  A swamp dragon (D)
  A tyrant leech (D)
  2 briar patches (D)
4 creatures vanquished.

Grand Total: 145 creatures vanquished

Notes
Turn   | Place    | Note
-------+----------+-------------------------------------------
     0 | D        | Zeldest the Felid Transmuter began the quest for the Orb.
     0 | D        | Reached XP level 1. HP: 9/9 MP: 4/4
    20 | D        | Reached skill level 3 in Dodging
    30 | D        | Noticed a hound
    30 | D        | Noticed a scorpion
    35 | D        | Reached skill level 4 in Dodging
    35 | D        | Reached XP level 2. HP: 4/13 MP: 4/6
    41 | D        | Reached skill level 5 in Dodging
    41 | D        | Reached XP level 3. HP: 4/17 MP: 4/7
    43 | D        | Killed a scorpion
    44 | D        | Reached skill level 6 in Dodging
    44 | D        | Reached skill level 5 in Unarmed Combat
    44 | D        | Reached skill level 5 in Transmutations
    44 | D        | Reached XP level 4. HP: 5/22 MP: 5/8
    51 | D        | Found a snail-covered altar of Cheibriados.
    51 | D        | Found a shadowy altar of Dithmenos.
    51 | D        | Found a white marble altar of Elyvilon.
    51 | D        | Found a blossoming altar of Fedhas.
    51 | D        | Found an opulent altar of Gozag.
    52 | D        | Found a hazy altar of Hepliaklqana.
    53 | D        | Found a viscous altar of Jiyva.
    54 | D        | Found an ancient bone altar of Kikubaaqudgha.
    55 | D        | Became a worshipper of Cheibriados the Contemplative
    56 | D        | Found a corrupted altar of Lugonu.
    57 | D        | Found a burning altar of Makhleb.
    58 | D        | Found a sparkling altar of Nemelex Xobeh.
    59 | D        | Found an iron altar of Okawaru.
    60 | D        | Found a stormy altar of Qazlal.
    61 | D        | Found a sacrificial altar of Ru.
    62 | D        | Found a shimmering blue altar of Sif Muna.
    63 | D        | Found a bloodstained altar of Trog.
    64 | D        | Found a hide-covered altar of Uskayaw.
    65 | D        | Found a radiant altar of Vehumet.
    66 | D        | Found an ornate altar of the Wu Jian Council.
    67 | D        | Found a shimmering altar of Xom.
    68 | D        | Found a basalt altar of Yredelemnul.
    69 | D        | Found a glowing silver altar of Zin.
    70 | D        | Found a glowing golden altar of the Shining One.
   100 | D        | Learned a level 2 spell: Wereblood
   103 | D        | Noticed a troll
   103 | D        | Noticed a troll
   103 | D        | Noticed a gnoll sergeant
   103 | D        | Noticed a yak
   103 | D        | Noticed a centaur
   112 | D        | Slain by a troll
   113 | D        | Reached XP level 3. HP: -2/27 MP: 6/7
   124 | D        | Noticed a cyclops
   124 | D        | Noticed a two-headed ogre
   124 | D        | Noticed a tengu warrior
   124 | D        | Noticed a wraith
   124 | D        | Noticed an acid dragon
   124 | D        | Noticed a slime creature
   128 | D        | Killed an acid dragon
   128 | D        | Killed a wraith
   128 | D        | Killed a cyclops
   129 | D        | Reached skill level 10 in Dodging
   129 | D        | Reached skill level 5 in Invocations
   129 | D        | Reached XP level 4. HP: 21/26 MP: 7/9
   129 | D        | Reached XP level 5. HP: 24/29 MP: 7/10
   129 | D        | Gained mutation: You are covered in thick fur. (AC +2)
                  | [Felid growth]
   129 | D        | Reached XP level 6. HP: 27/33 MP: 7/11
   129 | D        | Reached XP level 7. HP: 30/36 MP: 7/12
   130 | D        | Killed a slime creature
   130 | D        | Reached * piety under Cheibriados
   131 | D        | Killed a two-headed ogre
   132 | D        | Reached skill level 11 in Dodging
   132 | D        | Reached skill level 10 in Transmutations
   132 | D        | Reached XP level 8. HP: 35/42 MP: 7/14
   137 | D        | HP: 2/42 [tengu warrior/+0 long sword (4)]
   140 | D        | Mangled by a tengu warrior
   141 | D        | Reached XP level 7. HP: -13/37 MP: 7/13
   151 | D        | Killed a tengu warrior
   151 | D        | Reached ** piety under Cheibriados
   152 | D        | Reached skill level 12 in Dodging
   152 | D        | Reached skill level 10 in Unarmed Combat
   152 | D        | Reached XP level 8. HP: 5/42 MP: 12/15
   340 | D        | Acquired an amulet of faith
   359 | D        | Reached *** piety under Cheibriados
   477 | D        | Noticed a cane toad
   481 | D        | Killed a cane toad
   481 | D        | Reached **** piety under Cheibriados
   482 | D        | Reached skill level 10 in Fighting
   482 | D        | Reached skill level 13 in Dodging
   484 | D        | Reached ***** piety under Cheibriados
   485 | D        | Reached XP level 9. HP: 23/46 MP: 13/16
   497 | D        | Reached ****** piety under Cheibriados
   506 | D        | Reached skill level 14 in Dodging
   514 | D        | Noticed a rime drake
   514 | D        | Noticed an elephant
   514 | D        | Noticed a four-headed hydra
   514 | D        | Noticed a cane toad
   514 | D        | Noticed a five-headed hydra
   516 | D        | Noticed a komodo dragon
   520 | D        | Killed a rime drake
   521 | D        | Reached skill level 10 in Invocations
   527 | D        | Killed an elephant
   530 | D        | Killed a four-headed hydra
   531 | D        | Reached skill level 15 in Dodging
   531 | D        | Reached XP level 10. HP: 18/53 MP: 11/19
   534 | D        | Killed a five-headed hydra
   537 | D        | Killed a cane toad
   550 | D        | Noticed a lindwurm
   562 | D        | Reached skill level 16 in Dodging
   568 | D        | Killed a lindwurm
   593 | D        | Learned a level 3 spell: Frozen Ramparts
   625 | D        | Noticed Josephine
   636 | D        | Killed Josephine
   715 | D        | Noticed an orc high priest
   726 | D        | Noticed a soul eater
   745 | D        | Killed an orc high priest
   746 | D        | Reached skill level 17 in Dodging
   746 | D        | Reached XP level 11. HP: 33/58 MP: 19/21
   770 | D        | Noticed an orc knight
   770 | D        | Noticed an orc knight
   774 | D        | Killed an orc knight
   780 | D        | Killed an orc knight
   807 | D        | Found Erudghomi's Distillery.
   807 | D        | Noticed a deep troll
   807 | D        | Noticed a deep troll
   809 | D        | Killed a deep troll
   810 | D        | Noticed an ogre mage
   812 | D        | Reached skill level 18 in Dodging
   812 | D        | Found Moigaem's Jewellery Shoppe.
   813 | D        | Killed a deep troll
   820 | D        | Killed an ogre mage
   823 | D        | Found Hucwarask's Armour Emporium.
   827 | D        | Found Wizain's Distillery.
   828 | D        | Noticed a deep troll
   833 | D        | Noticed an ogre mage
   834 | D        | Noticed a deep troll
   837 | D        | Killed a deep troll
   843 | D        | Reached skill level 15 in Unarmed Combat
   846 | D        | Killed an ogre mage
   847 | D        | Reached skill level 19 in Dodging
   848 | D        | Killed a deep troll
   849 | D        | Reached skill level 15 in Fighting
   925 | D        | Bought a potion of lignification for 36 gold pieces
   925 | D        | Bought 2 potions of lignification for 72 gold pieces
   927 | D        | Bought a ring of poison resistance for 240 gold pieces
   927 | D        | Bought a ring of protection from fire for 300 gold pieces
   931 | D        | Bought a potion of mutation for 96 gold pieces
   931 | D        | Bought a potion of mutation for 96 gold pieces
   931 | D        | Bought a potion of mutation for 96 gold pieces
   931 | D        | Bought a potion of resistance for 120 gold pieces
   931 | D        | Bought a potion of might for 48 gold pieces
   931 | D        | Bought a potion of might for 48 gold pieces
   931 | D        | Bought a potion of curing for 36 gold pieces
  1004 | D        | Noticed Grum
  1014 | D        | Killed Grum
  1091 | D        | Noticed a centaur warrior
  1091 | D        | Noticed a centaur warrior
  1091 | D        | Noticed a cyan ugly thing
  1100 | D        | Killed a centaur warrior
  1101 | D        | Gained mutation: Your thick and shaggy fur keeps you warm.
                  | (AC +3, rC+) [Felid growth]
  1101 | D        | Reached XP level 12. HP: 60/66 MP: 20/23
  1111 | D        | Noticed a fire giant
  1112 | D        | Noticed a red very ugly thing
  1115 | D        | Killed a centaur warrior
  1120 | D        | Noticed a deep troll earth mage
  1121 | D        | Noticed an ice dragon
  1125 | D        | Killed a fire giant
  1126 | D        | Reached skill level 5 in Stealth
  1129 | D        | Killed a red very ugly thing
  1130 | D        | Reached skill level 20 in Dodging
  1130 | D        | Reached skill level 15 in Invocations
  1130 | D        | Noticed an ice dragon
  1131 | D        | Killed from afar by a deep troll earth mage
  1132 | D        | Reached XP level 11. HP: -30/62 MP: 16/23
  1365 | D        | Killed a deep troll earth mage
  1372 | D        | Killed an ice dragon
  1384 | D        | Killed an ice dragon
  1392 | D        | Noticed an ice dragon
  1396 | D        | Killed an ice dragon
  1402 | D        | Noticed a glowing orange brain
  1408 | D        | Killed a glowing orange brain
  1465 | D        | Noticed Donald
  1474 | D        | Killed Donald
  1527 | D        | Noticed a naga sharpshooter
  1527 | D        | Noticed a naga warrior
  1527 | D        | Noticed a mana viper
  1527 | D        | Noticed a naga warrior
  1527 | D        | Noticed a shock serpent
  1528 | D        | Noticed a naga sharpshooter
  1535 | D        | Killed a naga sharpshooter
  1540 | D        | Noticed an anaconda
  1542 | D        | Reached XP level 12. HP: 44/67 MP: 16/24
  1549 | D        | Killed a naga warrior
  1550 | D        | Reached skill level 21 in Dodging
  1550 | D        | Reached skill level 10 in Stealth
  1550 | D        | Reached skill level 1 in Ice Magic
  1553 | D        | Killed a naga warrior
  1573 | D        | Killed an anaconda
  1586 | D        | Noticed a merfolk impaler
  1619 | D        | Killed a merfolk impaler
  1627 | D        | Noticed an entropy weaver
  1633 | D        | Noticed a ghost moth
  1636 | D        | Killed an entropy weaver
  1647 | D        | Killed a ghost moth
  1648 | D        | Reached skill level 22 in Dodging
  1727 | D        | Noticed a ghost crab
  1727 | D        | Noticed a bunyip
  1727 | D        | Noticed an eight-headed hydra
  1728 | D        | Noticed a thorn hunter
  1730 | D        | Killed a bunyip
  1730 | D        | Killed an eight-headed hydra
  1731 | D        | Killed a ghost crab
  1732 | D        | Reached XP level 13. HP: 14/72 MP: 8/26
  1733 | D        | Noticed an eleionoma
  1734 | D        | Killed from afar by an eleionoma
  1735 | D        | Reached XP level 12. HP: -10/68 MP: 9/25
  1744 | D        | Noticed Frederick
  1751 | D        | Killed Frederick
  1770 | D        | Noticed an ironbound thunderhulk
  1770 | D        | Noticed an ironbound preserver
  1770 | D        | Noticed a sphinx
  1812 | D        | Noticed Frances
  1813 | D        | Noticed Sojobo
  1814 | D        | Noticed a tengu reaver
  1821 | D        | Noticed Nikola
  1823 | D        | Noticed a tengu reaver
  1823 | D        | Killed from afar by Frances

Illustrated notes

Levels and vault maps discovered:
D:        linesprint [early_d, line_temple, items_1, d_10, items_2, lair_1,
          lair_end, items_3, orc_1, orc_end, items_4, d_15, swamp_1, shoals_1,
          snake_1, spider_1, d_20, vaults_1, items_5, swamp_end, shoals_end,
          snake_end, spider_end, vaults_end, d_27, items_6, zot_1, zot_end,
          crypt_end, forest_end, elf_end, slime_end, tomb_end, abyss_end,
          pan_hell_end]

Skill      XL: |  1  2  3  4  5  6  7  8  9 10 11 12 |
---------------+-------------------------------------+-----
Dodging        | 4 5 10 12 13 15 17 19 22 | 22.5
Fighting       | 2 3 7 9 10 11 13 16 17 | 17.7
Transmutations | 3 4 8 10 12 | 12.7
Unarmed Combat | 4 8 10 12 13 16 17 | 17.9
Invocations    | 5 8 9 10 12 14 17 | 17.1
Stealth        | 9 13 | 13.7
Ice Magic      | 3 |  3.1
Spellcasting   | |  2.0

Action                   |  1- 3 |  4- 6 |  7- 9 | 10-12 | 13-15 || total
-------------------------+-------+-------+-------+-------+-------++-------
Melee: Unarmed           |    28 |     8 |    69 |   297 |       ||   402
       Headbutt          |     5 |       |    15 |    78 |       ||    98
       Bite              |     3 |     1 |    13 |    44 |       ||    61
       Punch             |     2 |       |     8 |    39 |       ||    49
 Cast: Beastly Appendage |     2 |     1 |     6 |    20 |       ||    29
       Wereblood         |       |     1 |     4 |    15 |       ||    20
       Frozen Ramparts   |       |       |       |     5 |       ||     5
Invok: Slouch            |       |       |     1 |    16 |       ||    17
Evoke: Wand              |     4 |       |     6 |       |       ||    10
  Use: Potion            |     2 |     3 |       |     9 |     1 ||    15
       Scroll            |       |       |     1 |     2 |       ||     3
 Stab: Invisible         |       |     1 |       |       |       ||     1
       Sleeping          |       |       |       |     3 |       ||     3
       Distracted        |       |       |       |     1 |       ||     1
Armor: Skin              |     2 |     3 |     4 |     3 |       ||    12
Dodge: Dodged            |    24 |    18 |   102 |   393 |     2 ||   539

Table legend: (Time is in decaauts)
 A = Elapsed time spent in this place.
 B = Non-inter-level travel time spent in this place.
 C = Inter-level travel time spent in this place.
 D = Time resting spent in this place.
 E = Time spent auto-exploring this place.
 F = Levels seen in this place.
 G = Mean time per level.
                   A        B        C        D        E       F      G
               +--------+--------+--------+--------+--------+-----+--------+
         Total |   2522 |   2164 |    358 |      0 |      0 |   1 | 2522.0 |
       Dungeon |   2522 |   2164 |    358 |      0 |      0 |   1 | 2522.0 |
               +--------+--------+--------+--------+--------+-----+--------+

Top non-repeatable levels by time:
       D: 2522 daAuts
